 Dungeon Crawl Stone Soup version 0.26.0-18-gc5c842f807 (webtiles) character file.

Game seed: 15369053887684824486

119 vvl the Poker (level 5, 0/42 HPs)
             Began as a Merfolk Fighter on Jan 22, 2021.
             Slain by Grinder (1 damage)
             ... while paralysed by Grinder
             ... on level 3 of the Dungeon.
             The game lasted 00:05:02 (2047 turns).

vvl the Poker (Merfolk Fighter)                     Turns: 2047, Time: 00:05:03

Health: 0/42       AC:  6    Str: 17 (20) XL:     5   Next: 3%
Magic:  5/5        EV:  2    Int:  4 (7)  God:
Gold:   83         SH:  0    Dex: 11 (13) Spells: 4/4 levels left

rFire    . . .     SeeInvis .   a - +0 trident
rCold    . . .     Faith    .   c - +0 kite shield
rNeg     . . .     Spirit   .   b - +0 scale mail
rPois    .         Reflect  .   (no helmet)
rElec    .         Harm     .   (no cloak)
rCorr    +         Rampage  .   (no gloves)
Will     .....                  (no boots)
Stlth    ..........             (no amulet)
HPRegen  0.14/turn              f - ring of resist corrosion
MPRegen  0.09/turn              (no ring)

@: paralysed, attractive, very slightly contaminated, invisible
A: change form in water, swift swim, stealthy swim, low mp 1, strong 1, subdued
magic 1
a: no special abilities


You were on level 3 of the Dungeon.
You visited 1 branch of the dungeon, and saw 3 of its levels.

You collected 83 gold pieces.

Inventory:

Hand Weapons
 a - a +0 trident (weapon)
Armour
 b - a +0 scale mail (worn)
 c - a +0 kite shield (worn)
Jewellery
 f - a ring of resist corrosion (left hand)
Scrolls
 h - 2 scrolls of identify {unknown}
 i - a scroll of remove curse {unknown}
Potions
 d - a potion of might
 e - 2 potions of invisibility
 k - a potion of curing {unknown}
 n - a potion of cancellation {unknown}


   Skills:
 + Level 3.7 Fighting
 * Level 4.6 Polearms
 + Level 2.4 Armour
 + Level 1.8 Dodging
 + Level 3.3 Shields
 + Level 1.2 Invocations
 + Level 1.5 Evocations


You had 4 spell levels left.
You didn't know any spells.
Your spell library was empty.

Dungeon Overview and Level Annotations

Branches:
Dungeon (3/15)

Altars:

Annotations:
D:3 Grinder


Innate Abilities, Weirdness & Mutations

You revert to your normal form in water.
You are very nimble and swift while swimming.
You are very stealthy in the water. (Stealth+)
Your magical capacity is low. (-10% MP)
Your muscles are strong. (Str +2)
Your spells are a little easier to cast, but a little less powerful.


Message History

You puncture Grinder!
Grinder is almost dead.
Grinder hits you but does no damage.
You hit Grinder.
Grinder is almost dead.
You block Grinder's attack. Grinder hits you.
* * * LOW HITPOINT WARNING * * *
You writhe in agony.
* * * LOW HITPOINT WARNING * * *
Grinder gestures at you.
You suddenly lose the ability to move!
Grinder is pulled toward you! Grinder hits you but does no damage. x2
Grinder gestures at you.
You shrug off the repeated paralysis!
Grinder completely misses you.
Grinder blinks!
Grinder is pulled toward you! Grinder hits you.
* * * LOW HITPOINT WARNING * * *
You writhe in agony.
You die...

####### #.....# #.###.#
#### #.# #.# ...#
######.###.#######...##..
...............)(5.>.....
.###########.###@##......
.#........ #.# #.# .....
.......... ... ..# ....
##...<...#.##.#### ...
...#.#.#.#. .. ## ##.#.#
# #.# #.#.# .# #.#.# ###
##.#.# #.#


You could see Grinder.

Vanquished Creatures
  Jessica (D:3)
  Robin (D:2)
  2 adders (D:3)
  2 worms
  A dart slug (D:1)
  2 leopard geckos
  An orc (D:3)
  7 bats
  6 giant cockroaches
  8 goblins
  5 hobgoblins
  A quokka (D:2)
  2 frilled lizards (D:2)
  5 kobolds
  6 rats
50 creatures vanquished.

Notes
Turn   | Place    | Note
-------+----------+-------------------------------------------
     0 | D:1      | vvl the Merfolk Fighter began the quest for the Orb.
     0 | D:1      | Reached XP level 1. HP: 18/18 MP: 1/1
    76 | D:1      | Reached XP level 2. HP: 24/24 MP: 2/2
   659 | D:2      | Reached XP level 3. HP: 24/29 MP: 3/3
   820 | D:2      | Noticed Robin
   833 | D:2      | Reached skill level 1 in Dodging
   840 | D:2      | Killed Robin
   841 | D:2      | Reached skill level 4 in Polearms
   841 | D:2      | Reached skill level 1 in Invocations
   841 | D:2      | Reached skill level 1 in Evocations
  1240 | D:2      | Reached XP level 4. HP: 35/35 MP: 4/4
  1613 | D:3      | Noticed Jessica
  1618 | D:3      | Killed Jessica
  1756 | D:3      | Reached XP level 5. HP: 36/42 MP: 5/5
  2020 | D:3      | Noticed Grinder
  2035 | D:3      | Gained mutation: Your magical capacity is low. (-10% MP)
                  | [potion of mutation]
  2035 | D:3      | Gained mutation: Your spells are a little easier to cast,
                  | but a little less powerful. [potion of mutation]
  2035 | D:3      | Gained mutation: Your muscles are strong. (Str +2) [potion
                  | of mutation]
  2041 | D:3      | Paralysed by Grinder for 7 turns
  2047 | D:3      | HP: 1/42 [Grinder (6)]
  2047 | D:3      | Slain by Grinder

Illustrated notes

Levels and vault maps discovered:
D:1:      nicolae_arrival_washed_ashore, layout_rooms
D:2:      layout_loops_ring, grunt_decor_fettered, uniq_robin
D:3:      layout_basic, serial_curves, eino_curves_02, eino_curves_02,
          roderic_roman_lattice, bh_walls_and_bars, uniq_jessica, uniq_grinder

Skill      XL: |  1  2  3 |
---------------+----------+-----
Dodging        | 1 |  1.8
Polearms       | 4 |  4.6
Invocations    | 1 |  1.2
Evocations     | 1 |  1.5
Fighting       | |  3.7
Armour         | |  2.4
Shields        | |  3.3

Action                   |  1- 3 |  4- 6 || total
-------------------------+-------+-------++-------
Melee: Trident           |   132 |    92 ||   224
Throw: Boomerang         |       |     4 ||     4
  Use: Potion            |       |     4 ||     4
Armor: Scale mail        |    52 |    30 ||    82
Dodge: Dodged            |    33 |    19 ||    52
Block: Kite shield       |    47 |    32 ||    79
